 Dungeon Crawl Stone Soup version 0.30-a0-1043-g60ff8d5f49 (webtiles) character file.

Game seed: 9300089744055956306

268 ytrimaz the Magician (level 5, -1/39 HPs)
             Began as a Demigod Transmuter on Apr 10, 2023.
             Slain by an orc priest
             ... wielding a +0 flail
              (8 damage)
             ... on level 3 of the Dungeon.
             The game lasted 00:04:47 (2741 turns).

ytrimaz the Magician (Demigod Transmuter)           Turns: 2741, Time: 00:04:47

Health: -1/39      AC:  3    Str: 11    XL:     5   Next: 68%
Magic:  9/15       EV: 12    Int: 19    God:
Gold:   98         SH:  0    Dex: 14    Spells: 3/13 levels left

rFire   . . .      SeeInvis .      - Unarmed
rCold   . . .      Faith    .    (no shield)
rNeg    . . .      Spirit   .    a - +1 robe
rPois   .          Reflect  .    (no helmet)
rElec   .          Rampage  .    (no cloak)
rCorr   .                        (no gloves)
Will    .....                    (no boots)
Stlth   +                        (no amulet)
HPRegen 0.26/turn                (no ring)
MPRegen 0.14/turn                (no ring)

@: wereblooded, very slightly contaminated
A: high MP 1, forlorn, divine attributes
a: no special abilities


You were on level 3 of the Dungeon.
You visited 1 branch of the dungeon, and saw 4 of its levels.

You collected 258 gold pieces.
You spent 160 gold pieces at shops.


Innate Abilities, Weirdness & Mutations

You have an increased reservoir of magic. (+10% MP)
You shall have no god before yourself.
Your divine heritage dramatically boosts your attributes as you level up.


   Skills:
 - Level 0.8 Fighting
 - Level 1.7 Dodging
 - Level 2.6 Unarmed Combat
 + Level 4.8 Spellcasting
 - Level 3.0 Transmutations


You had 3 spell levels left.
You knew the following spells:

 Your Spells              Type           Power      Damage    Failure   Level
a - Beastly Appendage     Tmut           30%        N/A       3%          1
b - Wereblood             Tmut           15%        N/A       5%          2
c - Spider Form           Tmut/Pois      10%        N/A       21%         3
d - Ice Form              Ice/Tmut       10%        N/A       56%         4

Your spell library contained the following spells:

 Spells                   Type           Power      Damage    Failure   Level
 Passwall                 Tmut/Erth      8%         N/A       11%         2
 Sandblast                Erth           8%         2d5       13%         1
 Dazzling Flash           Conj/Hex       8%         N/A       36%         3
 Stone Arrow              Conj/Erth      8%         3d7       36%         3
 Volatile Blastmotes      Fire/Tloc      8%         2d10      36%         3
 Animate Armour           Summ/Erth      8%         N/A       77%         4
 Iskenderun's Mystic Bla  Conj/Tloc      4%         2d3       77%         4
 Starburst                Conj/Fire      2%         6d3       100%        6
 Lehudib's Crystal Spear  Conj/Erth      2%         10d2      100%        8

Inventory:

Armour
 a - a +1 robe (worn)
Jewellery
 c - an amulet of guardian spirit
   (You found it on level 1 of the Dungeon)
Scrolls
 d - a scroll of torment {unknown}
 f - a scroll of enchant armour
 g - a scroll of identify
 h - a scroll of fear
Potions
 b - 6 potions of mutation
 i - a potion of heal wounds {unknown}
 j - a potion of brilliance
 k - 2 potions of flight

Dungeon Overview and Level Annotations

Branches:
Dungeon (4/15) Zot: 21245
 Temple: D:4-7

Shops:
D:3 !

Annotations:
D:4 1 runed translucent door, Crazy Yiuf

......)....#....##.###.........#
#..#.....#.#.#####..##.........#
...#.#.#.#.#.######............#
.......#.....#.................#
.......###...#.####.##......[..#
.#####.<###....####.o..........#
.# #........#o..oo...........# ##
#.........o######........!.. #
####......o@.####...>.......
##########)<........##...........
.........).....∩....#####.#..$...
....................# .#
#####.).##.............
#...####............# #.###
###..######............. #. #..#
##.. .#...... . #..# .......


You could see an orc priest and 2 orcs.


Message History

You feel sick. 😮 HP[-1]
You take 1 damage, and now have 25/39 hp.
The adder attacks as you move away! The adder bites you.
You feel sick.
You are no longer poisoned. 😮 HP[-3]
You take 3 damage, and now have 22/39 hp.
The adder attacks as you move away! The adder barely misses you. 😮 HP[+1]
The adder attacks as you move away!
The adder bites you but does no damage. x2
Casting: Spider Form (quite dangerous; 21% risk of failure)
Confirm with . or Enter, or press ? or * to list all spells.
The spell is quite dangerous to miscast (21% risk of failure)!
Continue anyway?
You turn into a venomous arachnid creature.
Your +1 robe melds into your body.
The adder misses you. 😮 MP[-3]
You lost 3 mp, and now have 12/15 mp.
Unknown command.
Casting: Spider Form (quite dangerous; 41% risk of failure)
Confirm with . or Enter, or press ? or * to list all spells.
Your blood is infused with primal strength.
The adder bites you.
You are poisoned.
The adder poisons you! 😮 HP[-3] MP[-2]
You take 3 damage, and now have 20/39 hp.
You lost 2 mp, and now have 10/15 mp.
You closely miss the adder.
You feel very sick. The adder barely misses you. The adder bites you.
* * * LOW HITPOINT WARNING * * *
😨 HP[-4]
You take 4 damage, and now have 16/39 hp.
You hit the adder but do no damage.
The adder is poisoned.
You feel sick.
The adder completely misses you. 😨 HP[-2]
You take 2 damage, and now have 14/39 hp.
Unknown command.
You bite the adder!
The adder looks as sick as possible!
Your transformation is almost over.
You feel sick.
You feel a bit better.
You kill the adder!
You feel better. 😮 HP[+6]
You regained 6 hp, and now have 20/39 hp.
Unknown command.
You hit the orc.
The orc is poisoned. 😮 HP[+1] MP[+1] Unknown command.
You hit the orc but do no damage.
The orc looks as sick as possible!
You feel a bit better.
You kill the orc! 😮 HP[+1]
You hit the orc.
The orc is poisoned.
Unknown command.
You barely miss the orc. The orc barely misses you.
You barely miss the orc. The orc hits you with a +0 morningstar.
* * * LOW HITPOINT WARNING * * *
😨 HP[-4]
You take 4 damage, and now have 18/39 hp.
Unknown command.
You barely miss the orc priest.
The orc priest calls upon Beogh to heal the orc.
The orc's wounds heal themselves!
An orc comes into view. It is wielding a +0 club.
The orc closely misses you.
You hear a shout!
You hit the orc priest.
The orc priest is poisoned.
You hiss as the wereblood boils in your veins!
The orc priest closely misses you. The orc barely misses you.
Unknown command.
You hit the orc priest.
The orc priest casts a cantrip, but nothing happens.
The orc completely misses you.
You hit the orc priest but do no damage.
You hiss as the wereblood boils in your veins!
Your transformation has ended.
Your +1 robe unmelds from your body.
The orc priest mumbles some strange prayers to Beogh against you.
Pain shoots through your body!
* * * LOW HITPOINT WARNING * * *
The orc closely misses you. 😱 HP[-11] MP[+1]
You take 11 damage, and now have 7/39 hp.
MASSIVE DAMAGE!! (PAUSE)
You closely miss the orc priest.
You howl as the wereblood boils in your veins!
The orc looks more healthy.
The orc priest hits you but does no damage.
The orc hits you but does no damage.
Unknown command.
Okay, then.
Casting: Wereblood (safe; 5% risk of failure)
Confirm with . or Enter, or press ? or * to list all spells.
The spell is quite dangerous to miscast (21% risk of failure)!
Continue anyway?
You miscast Spider Form.
You are very lightly contaminated with residual magic.
Nothing appears to happen.
The orc priest looks more healthy.
The orc priest hits you with a +0 flail!
You die...

Skill      XL: |  1  2  3  4  5 |
---------------+----------------+-----
Spellcasting   | 2 3 4 |  4.8
Transmutations | 2 3 |  3.0
Fighting       | |  0.8
Dodging        | |  1.7
Unarmed Combat | |  2.6

Action                     |  1- 3 |  4- 6 || total
---------------------------+-------+-------++-------
  Melee: Unarmed           |   107 |    93 ||   200
         Kick              |    17 |     7 ||    24
         Headbutt          |    11 |     4 ||    15
   Cast: Beastly Appendage |    26 |     7 ||    33
         Wereblood         |     1 |     3 ||     4
         Spider Form       |       |     6 ||     6
    Use: Potion            |     3 |     2 ||     5
         Scroll            |       |    10 ||    10
   Stab: Sleeping          |     1 |       ||     1
 Armour: Skin              |     7 |     3 ||    10
         Robe              |    11 |    18 ||    29
  Dodge: Dodged            |    54 |    75 ||   129

Levels and vault maps discovered:
D:1:      elethiomel_arrival_shortcut, layout_loops_ring, minmay_tromino_mix6
D:2:      layout_rooms, basic_altar, kennysheep_generic_room_13
D:3:      layout_rooms, nicolae_tso_swordbearing_angel,
          nicolae_overflow_hidden_temple, ebering_ecumenical_altar_hall,
          serial_shops, shop
D:4:      layout_rooms, eat_drink_and_be_merry_uskayaw, grunt_qazlal_clouds,
          uniq_crazy_yiuf_cottage

Notes
Turn   | Place    | Note
-------+----------+-------------------------------------------
     0 | D:1      | ytrimaz the Demigod Transmuter began the quest for the Orb.
     0 | D:1      | Reached XP level 1. HP: 15/15 MP: 5/5
     0 | D:1      | magus.rc [v1.9.6]
    34 | D:1      | Reached skill level 2 in Spellcasting
   244 | D:1      | Reached XP level 2. HP: 22/22 MP: 6/8
   643 | D:1      | Learned a level 2 spell: Wereblood
   648 | D:1      | Reached skill level 3 in Spellcasting
   964 | D:2      | Reached XP level 3. HP: 27/27 MP: 7/10
  1330 | D:2      | Gained mutation: Your flesh is cold resistant. (rC+)
                  | [potion of mutation]
  1330 | D:2      | Lost mutation: Your flesh is cold resistant. (rC+) [potion
                  | of mutation]
  1426 | D:2      | Reached XP level 4. HP: 31/34 MP: 10/12
  1465 | D:2      | You pick up a book of Geomancy and begin reading...
  1465 | D:2      | You add the spells Sandblast, Passwall and Stone Arrow to
                  | your library.
  1483 | D:2      | Learned a level 3 spell: Spider Form
  1662 | D:2      | Learned a level 4 spell: Ice Form
  1676 | D:3      | Found Neavuuts's Distillery.
  1681 | D:3      | Bought a potion of berserk rage for 50 gold pieces
  1681 | D:3      | Bought a potion of mutation for 80 gold pieces
  1681 | D:3      | Bought a potion of curing for 30 gold pieces
  1693 | D:3      | You fall into a shaft and drop 1 floor!
  1791 | D:4      | Reached skill level 4 in Spellcasting
  1795 | D:4      | Reached skill level 2 in Transmutations
  1805 | D:4      | Noticed an ogre
  1814 | D:4      | Killed an ogre
  1815 | D:4      | Reached XP level 5. HP: 39/39 MP: 2/14
  2279 | D:4      | Found a runed translucent door.
  2280 | D:4      | Noticed Crazy Yiuf
  2514 | D:3      | Reached skill level 3 in Transmutations
  2583 | D:3      | You pick up a book of Spectacle and begin reading...
  2583 | D:3      | You add the spells Volatile Blastmotes, Dazzling Flash,
                  | Iskenderun's Mystic Blast and Starburst to your library.
  2702 | D:3      | You pick up a book of Armaments and begin reading...
  2702 | D:3      | You add the spells Animate Armour and Lehudib's Crystal
                  | Spear to your library.
  2739 | D:3      | HP: 7/39 [orc priest/nerve-wracking pain (12)]
  2741 | D:3      | Slain by an orc priest

Vanquished Creatures
  An ogre (D:4)
  7 adders
  4 gnolls (D:3)
  A worm (D:2)
  A dart slug (D:1)
  2 orcs
  2 bats
  5 endoplasms
  4 giant cockroaches
  3 hobgoblins
  3 jackals (D:1)
  6 quokkas
  7 ball pythons
  3 frilled lizards
  12 goblins
  12 kobolds
  5 rats
78 creatures vanquished.

Table legend:
 A = Non-vault XP
 B = Vault XP
 C = Vault XP percentage of total XP
 D = Non-vault monster count
 E = Vault monster count
 F = Vault count percentage of total count
                 A         B        C        D         E       F
            +---------+---------+-------+---------+---------+-------
      Total |     374 |       9 |   2.3 |      73 |       5 |   6.4
            +---------+---------+-------+---------+---------+-------
        D:1 |      41 |       5 |  10.9 |      25 |       3 |  10.7
        D:2 |      78 |       4 |   4.9 |      23 |       2 |   8.0
        D:3 |      91 |       0 |   0.0 |      10 |       0 |   0.0
        D:4 |     164 |       0 |   0.0 |      15 |       0 |   0.0
            +---------+---------+-------+---------+---------+-------

Illustrated notes

Table legend:
 A = Kills in this place as a percentage of kills in the entire game.
 B = Kills by you in this place as a percentage of kills by you in the entire game.
 C = Kills by friends in this place as a percentage of kills by friends in the entire game.
 D = Other kills in this place as a percentage of other kills in the entire game.
 E = Experience gained in this place as a percentage of experience gained in the entire game.
 F = Experience gained in this place divided by the number of levels of this place that you have seen.
                   A       B       C       D       E      F
               +-------+-------+-------+-------+-------+----------------------
         Total | 100.0 | 100.0 |   N/A |   N/A | 100.0 |  95.8
       Dungeon | 100.0 | 100.0 |   N/A |   N/A | 100.0 |  95.8
               +-------+-------+-------+-------+-------+----------------------

Table legend: (Time is in decaauts)
 A = Elapsed time spent in this place.
 B = Non-inter-level travel time spent in this place.
 C = Inter-level travel time spent in this place.
 D = Time resting spent in this place.
 E = Time spent auto-exploring this place.
 F = Levels seen in this place.
 G = Mean time per level.
                   A        B        C        D        E       F      G
               +--------+--------+--------+--------+--------+-----+--------+
         Total |   2753 |   2677 |     76 |     69 |   1967 |   4 |  688.2 |
       Dungeon |   2753 |   2677 |     76 |     69 |   1967 |   4 |  688.2 |
               +--------+--------+--------+--------+--------+-----+--------+

Top non-repeatable levels by time:
     D:1: 936 daAuts
     D:2: 745 daAuts
     D:4: 704 daAuts
     D:3: 367 daAuts
